Match 40953014
Unlisted

Match 40953014
End
Construct Infanterie Kompanie
MG 42 Machine Gun Team
Selects Terror Battlegroup
Selects Machine Gun Camouflage
MG 42 Machine Gun Team
Grenadier Squad
Construct Luftwaffe Kompanie
Jäger Squad
Jäger Squad
Jäger Squad
Flak 30 Anti-aircraft Gun Team
Selects Defend the Fatherland
Selects Defend the Fatherland
Selects Interrogate
Construct Panzer Kompanie
Sturmpanzer IV Brummbär
Medical Station
Luftwaffe Officer Quarters
Pioneer Squad
Side Skirts
Support Elements
カルト_くん
Tek
WasIsDaLos
Neverland
janplzacihlar_cz
bettipqtv
Vidik
Bjoref
0
0

Comments sign in to comment!

No comments posted yet!